 Dungeon Crawl Stone Soup version 0.30-a0-870-gc5d4c5acee (console) character file.

Game seed: 6155966233265232544

7487 petzl the Thaumaturge (level 11, 0/82 HPs)
             Began as a Formicid Delver on Mar 11, 2023.
             Was an Elder of Vehumet.
             Slain by a troll (12 damage)
             ... on level 12 of the Dungeon.
             The game lasted 01:19:06 (15520 turns).

petzl the Thaumaturge (Formicid Delver)            Turns: 15520, Time: 01:19:06

Health: 0/82       AC:  8    Str: 17    XL:     11   Next: 38%
Magic:  0/24       EV: 11    Int: 14    God:    Vehumet [****..]
Gold:   292        SH:  5    Dex: 21    Spells: 13/28 levels left

rFire   . . .      SeeInvis +    a - +0 arbalest (heavy)
rCold   + + .      Faith    .    (no shield)
rNeg    + . .      Spirit   .    P - +2 ring mail {rC+}
rPois   .          Reflect  +    (helmet unavailable)
rElec   .          Rampage  .    (no cloak)
rCorr   .                        (no gloves)
Will    +....                    D - +0 pair of boots {Fly}
Stlth   +++                      g - amulet of reflection
HPRegen 0.33/turn                x - +6 ring of dexterity
MPRegen 0.19/turn                B - ring of positive energy

@: flying
A: permanent stasis, dig shafts and tunnels, antennae 3, four strong arms,
talons 1, cold resistance 1, screaming 1
a: Dig, Shaft Self, Renounce Religion


You were on level 12 of the Dungeon.
You worshipped Vehumet.
Vehumet was greatly pleased with you.
You visited 2 branches of the dungeon, and saw 15 of its levels.

You collected 644 gold pieces.
You spent 352 gold pieces at shops.

Inventory:

Hand Weapons
 a - a +0 heavy arbalest (weapon)
 b - the +10 war axe "Fucoggu" {flame, *Corrode rElec rC- Int+7, !f =f}
   (You found it on level 7 of the Dungeon)

   Int:       It affects your intelligence (+7).
   rC:        It makes you vulnerable to cold.
   rElec:     It insulates you from electricity.
   *Corrode:  It may corrode you when you take damage.
 c - a +0 heavy sling
 d - a +1 hand axe of draining {!f =f}
 m - a +1 dagger of holy wrath {!f =f}
 o - a +2 dagger of electrocution {!f =f}
 t - a +2 war axe of venom {!f =f}
 y - a +1 whip of flaming
 I - a +0 scimitar
 O - a +0 shortbow of flaming
Missiles
 e - 12 boomerangs
 h - 4 datura-tipped darts
 s - 3 throwing nets
 z - 17 poisoned darts
 N - 3 javelins
Armour
 D - a +0 pair of boots of flying (worn)
 P - a +2 ring mail of cold resistance (worn)
Jewellery
 g - an amulet of reflection (around neck)
 p - a ring of resist corrosion
 x - a +6 ring of dexterity (left hand)
 B - a ring of positive energy (right hand)
 E - an amulet of magic regeneration
 L - the amulet "Onkuffy" {Spirit *Corrode +Blink rN+++ Regen+}
   (You found it on level 8 of the Dungeon)

   [amulet of guardian spirit]

   It causes incoming damage to be divided between your reserves of health and
   magic.
   rN:        It renders you almost immune to negative energy.
   +Blink:    It lets you blink.
   Regen:     It increases your rate of health regeneration.
   *Corrode:  It may corrode you when you take damage.
Wands
 f - a wand of digging (8)
 q - a wand of flame (19)
 K - a wand of iceblast (6)
Scrolls
 i - 3 scrolls of enchant weapon {unknown}
 l - 3 scrolls of immolation
 r - a scroll of acquirement {unknown}
 v - 2 scrolls of poison
 w - a scroll of amnesia {unknown}
 C - 3 scrolls of enchant armour {unknown}
 Q - a scroll of magic mapping
Potions
 j - a potion of invisibility {unknown}
 k - 2 potions of might
 n - a potion of magic {unknown}
 u - a potion of berserk rage {unknown}
 F - a potion of brilliance {unknown}
 G - 2 potions of mutation
 J - a potion of cancellation {unknown}
 M - 3 potions of haste {unknown}


   Skills:
 - Level 6.3 Fighting
 - Level 1.6(2.1) Axes
 - Level 2.0(2.3) Maces & Flails
 - Level 4.6 Ranged Weapons
 - Level 1.7 Dodging
 - Level 6.0 Stealth
 - Level 9.3 Spellcasting
 - Level 4.3 Conjurations
 + Level 5.8 Translocations
 - Level 5.0 Air Magic
 - Level 4.0 Poison Magic
 - Level 5.9 Evocations


You had 13 spell levels left.
You knew the following spells:

 Your Spells              Type           Power      Damage    Failure   Level
a - Poisonous Vapours     Pois/Air       38%        N/A       1%          2
b - Lightning Bolt        Conj/Air       9%         1d22      22%         5
c - Iskenderun's Mystic   Conj/Tloc      20%        2d6       7%          4
p - Passage of Golubria   Tloc           22%        N/A       19%         4

Your spell library contained the following spells:

 Spells                   Type           Power      Damage    Failure   Level
 Hailstorm                Conj/Ice       12%        3d5       7%          3
 Magic Dart               Conj           72%        1d6       1%          1
 Searing Ray              Conj           36%        2d5       1%          2
 Static Discharge         Conj/Air       38%        2-4/arc   1%          2
 Kindle Blastsparks       Fire/Tloc/Air  32%        2d12      4%          3
 Vhi's Electric Charge    Tloc/Air       42%        N/A       7%          3
 Fulminant Prism          Conj/Hex       6%         3d7       22%         4
 Arcjolt                  Conj/Air       9%         1d19      22%         5
 Ensorcelled Hibernation  Hex/Ice        12%        N/A       32%         2
 Passwall                 Tmut/Erth      5%         N/A       32%         2
 Lee's Rapid Deconstruct  Erth           3%         3d5*      78%         5
 Silence                  Hex/Air        6%         N/A       91%         5
 Lehudib's Crystal Spear  Conj/Erth      6%         10d3      100%        8
 Swiftness                Air            Unusable   N/A       N/A         3

Dungeon Overview and Level Annotations

Branches:
Dungeon (14/15)            Temple (1/1) D:6             Orc (0/2) D:10
   Lair: D:8-11      Vaults: D:13-14

Altars:
Ashenzari
Dithmenos
Elyvilon
Fedhas
Gozag
Hepliaklqana
Kikubaaqudgha
Makhleb
Nemelex Xobeh
Okawaru
Qazlal
Ru
Sif Muna
Trog
Uskayaw
Vehumet
Wu Jian
Xom
Yredelemnul
Zin
The Shining One

Shops:
D:5 *   D:8 **   D:9 *   D:14 :

Annotations:
D:10 2 transporters, exclusions: downstairs and upstairs, Dittersdorf's ghost, novice GrFi
D:13 1 runed translucent door, Zakkuatt's ghost, journeyman HOFi
D:14 exclusion: centaur warrior


Innate Abilities, Weirdness & Mutations

You cannot be hasted, slowed, berserked, paralysed or teleported.
You can dig through walls and to a lower floor.
You have a pair of large antennae on your head. (SInv)
Your four strong arms can wield two-handed weapons with a shield.
You have sharp toenails.
Your flesh is cold resistant. (rC+)
You occasionally shout uncontrollably at your foes.


Message History

The mystic blast hits the troll!
The troll is severely wounded.
The orc priest casts a cantrip, but nothing happens.
You block the troll's attack. The troll claws you! The troll claws you.
Casting: Iskenderun's Mystic Blast (dangerous; 7% risk of failure)
Confirm with . or Enter, or press ? or * to list all spells.
You erupt in a blast of force!
The mystic blast hits the orc warrior.
The orc warrior is heavily wounded.
The orc warrior is knocked back by the mystic blast.
The mystic blast hits the troll!
The troll is almost dead.
The troll bites you.
* * * LOW HITPOINT WARNING * * *
The troll claws you but does no damage. x2
Unknown command.
Unknown command.
Unknown command.
Unknown command.
Unknown command.
Aiming: Corrosive Bolt
Press: ? - help, Shift-Dir - straight line, f/p - troll
Aim: a troll (almost dead, 74% to hit)
The bolt of acid hits the troll.
The acid corrodes the troll!
The troll is almost dead.
You block the troll's attack. The troll barely misses you.
The troll claws you but does no damage.
Aiming: Corrosive Bolt
Press: ? - help, Shift-Dir - straight line, f/p - troll
Aim: a troll (almost dead, covered in acid, 74% to hit)
The bolt of acid misses the troll.
The now-empty wand crumbles to dust.
You block the troll's attack. The troll claws you.
* * * LOW HITPOINT WARNING * * *
The troll claws you!
* * * LOW HITPOINT WARNING * * *
Okay, then.
Okay, then.
You feel better. You block the orc warrior's attack. The troll bites you!
* * * LOW HITPOINT WARNING * * *
You block the troll's attack. The troll claws you!
You die...

*,*,,,,,* *,,, *,**,,,,*
**,, *,****,,* *** *,* ****
*, *,* ##. #,* #####.. #.*
#...... ##.### #......
###....# ##......
####......## #......>
**#..........## #.......
*,............## #.....>.
*,*#........)).## ##.......
***#......)..##.###........
#........####.##........
#....))..# ##.#..######
#....oo.## ##...#,,,,,
#..T.)..# ##..#,,,,,
##.@...## ##.#,,,,, #....##
#.#,,,*~ #....# #.#,,,~~
#...## #.#,,,~* #...#
#.+,,,~* *#...# *##,,,~*
*...## *,,,~~ #....***
*,,,*~ **,,,,,,** *,,,,,
*,,,,,,,,** *,,,,,
*,,,,,,,,,** *,,,,,
**,,,,,,,,,,*** ******
*,,,,,,,,,,,,,* *,**
*,,,,,,,,,,,,,* *,,,
**,***,,,,,,,,* **** ***
**,,,,,,** **,,,,** ******


You could see a troll (corroded), an orc warrior and an orc priest.

Vanquished Creatures
  A two-headed ogre (D:11)
  An ugly thing (D:13)
  Joseph (D:7)
  Psyche (D:8)
  A kobold demonologist (D:10)
  2 trolls
  Prince Ribbit (D:9)
  A hornet (D:7)
  Sigmund (D:3)
  A wraith (D:11)
  An acid dragon (D:10)
  2 water moccasins
  5 orc warriors
  A black bear (D:6)
  An ice beast (D:7)
  4 ogres
  10 centaurs
  A kobold brigand (D:11)
  2 gnoll sergeants
  2 bullfrogs
  5 scorpions
  11 killer bees
  An electric eel (D:7)
  A howler monkey (D:5)
  5 hounds
  2 gnoll boudas (D:9)
  A jelly (D:6)
  7 orc priests
  Natasha (thrice) (D:2)
  4 iguanas
  2 sleepcaps
  8 orc wizards
  23 gnolls
  4 adders
  2 shadow imps
  A white imp (D:8)
  4 worms
  4 dart slugs
  48 orcs
  6 ball pythons
  7 endoplasms
  2 giant cockroaches (D:4)
  12 goblins
  6 hobgoblins
  5 jackals
  4 quokkas
  4 bats
  3 frilled lizards (D:1)
  14 kobolds
  6 rats
  A butterfly (D:8)
246 creatures vanquished.

Notes
Turn   | Place    | Note
-------+----------+-------------------------------------------
     0 | D:5      | petzl the Formicid Delver began the quest for the Orb.
     0 | D:5      | Reached XP level 1. HP: 18/18 MP: 1/1
     9 | D:5      | Noticed a hound
    37 | D:4      | Noticed a scorpion
    46 | D:4      | Noticed a water moccasin
    55 | D:4      | Reached skill level 1 in Spellcasting
    55 | D:4      | Reached XP level 2. HP: 22/24 MP: 1/4
   144 | D:3      | Noticed Sigmund
   151 | D:3      | You fall into a shaft and drop 2 floors!
   272 | D:3      | You fall into a shaft and drop 3 floors!
   356 | D:6      | Noticed a scorpion
   386 | D:6      | Found a staircase to the Ecumenical Temple.
   392 | Temple   | Entered the Ecumenical Temple
   450 | Temple   | Became a worshipper of Vehumet
   510 | D:6      | Reached skill level 3 in Spellcasting
   510 | D:6      | Reached XP level 3. HP: 19/29 MP: 4/7
   613 | D:6      | Reached XP level 4. HP: 35/35 MP: 9/9
   722 | D:6      | Reached skill level 4 in Spellcasting
   722 | D:6      | Reached XP level 5. HP: 7/41 MP: 9/11
   998 | D:6      | Noticed a bullfrog
  1008 | D:6      | Killed a bullfrog
  1009 | D:6      | Reached skill level 5 in Spellcasting
  1009 | D:6      | Reached XP level 6. HP: 40/47 MP: 14/14
  1385 | D:2      | Reached skill level 6 in Spellcasting
  1468 | D:2      | Noticed Natasha
  1477 | D:2      | Killed Natasha
  1480 | D:2      | Noticed Natasha
  1502 | D:2      | Killed Natasha
  1554 | D:2      | Noticed Natasha
  1562 | D:2      | Killed Natasha
  1688 | D:2      | Reached XP level 7. HP: 52/52 MP: 16/16
  1840 | D:2      | Reached skill level 1 in Evocations
  1843 | D:2      | Reached * piety under Vehumet
  1843 | D:2      | Offered knowledge of Kiss of Death by Vehumet.
  2167 | D:1      | Found a faded altar of an unknown god.
  2648 | D:1      | Reached ** piety under Vehumet
  2680 | D:1      | Offered knowledge of Sandblast by Vehumet.
  3331 | D:3      | You fall into a shaft and drop 1 floor!
  3594 | D:3      | Killed Sigmund
  3595 | D:3      | Reached skill level 7 in Spellcasting
  3693 | D:4      | Found a bloodstained altar of Trog.
  3759 | D:5      | Reached XP level 8. HP: 58/58 MP: 17/19
  4326 | D:4      | Learned a level 4 spell: Iskenderun's Mystic Blast
  4418 | D:5      | Reached skill level 1 in Ranged Weapons
  4418 | D:5      | Reached skill level 8 in Spellcasting
  4447 | D:4      | Reached skill level 1 in Conjurations
  4621 | D:4      | Learned a level 5 spell: Lightning Bolt
  4697 | D:4      | Offered knowledge of Poisonous Vapours by Vehumet.
  4701 | D:4      | Learned a level 2 spell: Poisonous Vapours
  4724 | D:4      | Found a shimmering blue altar of Sif Muna.
  5058 | D:4      | Reached skill level 1 in Poison Magic
  5183 | D:4      | Reached skill level 1 in Air Magic
  5372 | D:5      | Found Nulli's Neck Hole.
  5959 | D:5      | Reached XP level 9. HP: 65/65 MP: 16/21
  6126 | D:7      | Reached *** piety under Vehumet
  6746 | D:6      | Found a broken altar of Ashenzari.
  6966 | D:8      | Found an opulent altar of Gozag.
  6966 | D:8      | Found a sparkling altar of Nemelex Xobeh.
  7015 | D:9      | Noticed a troll
  7411 | D:6      | Found an iron altar of Okawaru.
  7700 | D:8      | Found Putuv's General Store.
  7705 | D:8      | Identified the amulet "Onkuffy" {Spirit *Corrode +Blink
                  | rN+++ Regen+}
  7710 | D:8      | Bought a scroll of identify for 22 gold pieces
  7808 | D:7      | You are sucked into a shaft and drop 3 floors!
  7808 | D:10     | Entered Level 10 of the Dungeon
  8005 | D:9      | You are sucked into a shaft and drop 2 floors!
  9033 | D:10     | Noticed a kobold demonologist
  9100 | D:9      | Killed a troll
  9101 | D:9      | Reached skill level 5 in Fighting
  9396 | D:7      | Reached XP level 10. HP: 67/74 MP: 18/22
  9481 | D:7      | Noticed Joseph
 10165 | D:7      | Killed Joseph
 10166 | D:7      | Reached skill level 5 in Evocations
 10329 | D:7      | Identified the +10 war axe "Fucoggu" {flame, *Corrode rElec
                  | rC- Int+7}
 11033 | D:8      | Found Sesog Aby's General Store.
 11165 | D:8      | Reached skill level 9 in Spellcasting
 11370 | D:9      | Found a hazy altar of Hepliaklqana.
 11413 | D:9      | Found Cuepit's General Store.
 11606 | D:5      | Bought an amulet of reflection for 330 gold pieces
 11613 | D:5      | Gained mutation: Your flesh is cold resistant. (rC+)
                  | [potion of mutation]
 11613 | D:5      | Gained mutation: You occasionally shout uncontrollably at
                  | your foes. [potion of mutation]
 11613 | D:5      | Gained mutation: You have sharp toenails. [potion of
                  | mutation]
 11727 | D:8      | Found a shimmering altar of Xom.
 11771 | D:8      | Noticed Psyche
 11781 | D:8      | Killed Psyche
 11782 | D:8      | Reached skill level 1 in Translocations
 11984 | D:9      | Offered knowledge of Flame Wave by Vehumet.
 12539 | D:9      | Noticed Prince Ribbit
 12546 | D:9      | Killed Prince Ribbit
 12546 | D:9      | Reached **** piety under Vehumet
 12547 | D:9      | Reached skill level 5 in Air Magic
 12979 | D:10     | Noticed a rust devil
 13130 | D:10     | Found a transporter.
 13135 | D:10     | Noticed Dittersdorf's ghost (novice GrFi)
 13169 | D:10     | Reached skill level 1 in Axes
 13178 | D:10     | Offered knowledge of Hailstorm by Vehumet.
 13427 | D:10     | Noticed a rust devil
 13427 | D:10     | Noticed a soul eater
 13429 | D:10     | Noticed a sixfirhy
 13614 | D:10     | Noticed a rust devil
 13614 | D:10     | Killed a kobold demonologist
 13728 | D:10     | Reached XP level 11. HP: 81/81 MP: 24/24
 14009 | D:10     | Noticed a moth of wrath
 14022 | D:10     | Noticed a six-headed hydra
 14049 | D:10     | Found a transporter.
 14076 | D:10     | Learned a level 4 spell: Passage of Golubria
 14124 | D:10     | Found a staircase to the Orcish Mines.
 14338 | D:11     | Noticed a two-headed ogre
 14538 | D:11     | Killed a two-headed ogre
 14747 | D:11     | Noticed a wizard
 14750 | D:11     | You are sucked into a shaft and drop 3 floors!
 14811 | D:14     | Noticed a centaur warrior
 14845 | D:14     | Found Huto Gio's Book Shop.
 14892 | D:13     | Noticed Zakkuatt's ghost (journeyman HOFi)
 14895 | D:13     | Found a runed translucent door.
 14904 | D:13     | Noticed a manticore
 14942 | D:13     | Noticed a brown ugly thing
 14952 | D:13     | Killed a brown ugly thing
 14953 | D:13     | Reached skill level 5 in Translocations
 15520 | D:12     | Slain by a troll

Illustrated notes

Levels and vault maps discovered:
D:1:      matt_arrival_spirals, layout_rooms,
          ebering_ecumenical_altar_sacrificial, minmay_indecisive_spiral
D:2:      layout_loops_ring, st_stairs_12, reono_crystal_passage, uniq_natasha
D:3:      layout_basic, amcnicky_mini_pool_small, uniq_sigmund
D:4:      layout_cave_pods, trog_three_pillars_becter, led_sif_pool
D:5:      layout_gridville, nicolae_shop_sticking_my_neck_out
D:6:      layout_loops_ring, minitemple, minmay_temple_entry_fiery
D:7:      layout_gridville, kennysheep_dice, uniq_joseph
D:8:      layout_basic, grunt_temple_overflow_opulence, xom_butterflies,
          serial_shops, nicolae_stop_n_shop_1, shop, uniq_psyche
D:9:      layout_stronghold, mainiacjoe_overflow_small_starburst, serial_shops,
          nicolae_shop_stone, uniq_prince_ribbit1
D:10:     layout_cave_pools, david_orc_5, gammafunk_ghost_berserking_beasts
D:11:     layout_irregular_city, hellmonk_lair_entry_icy, chequers_arboretum
D:12:     layout_cave_pods, kennysheep_path_1
D:13:     layout_roguey, david_vaults_2, hellmonk_ghost_happy_afterlife
D:14:     layout_stronghold, serial_shops, nicolae_shop_crystal,
          chequers_serial_rivers_small_3, hive_lemuel
Temple:   eino_temple_water

Skill      XL: |  1  2  3  4  5  6  7  8  9 10 11 |
---------------+----------------------------------+-----
Spellcasting   | 1 3 4 5 6 7 8 9 |  9.3
Evocations     | 3 4 5 |  5.9
Ranged Weapons | 2 3 4 |  4.6
Conjurations   | 1 3 4 |  4.3
Poison Magic   | 3 4 |  4.0
Air Magic      | 1 3 5 |  5.0
Fighting       | 4 5 6 |  6.3
Translocations | 1 5 |  5.8
Axes           | 1 |  1.6
Maces & Flails | |  2.0
Dodging        | |  1.7
Stealth        | |  6.0

Action                     |  1- 3 |  4- 6 |  7- 9 | 10-12 || total
---------------------------+-------+-------+-------+-------++-------
  Melee: Mace              |    25 |    11 |       |       ||    36
         Punch             |       |     1 |     2 |     1 ||     4
         Hand axe          |       |   106 |   303 |     9 ||   418
         Dagger            |       |       |     1 |       ||     1
         Whip              |       |       |     5 |       ||     5
         War axe           |       |       |       |    81 ||    81
   Fire: Sling             |       |       |   104 |    15 ||   119
         Arbalest          |       |       |       |    68 ||    68
         Shortbow          |       |       |       |     4 ||     4
   Cast: Poisonous Vapours |       |       |    29 |    28 ||    57
         Iskenderun's Myst |       |       |       |    74 ||    74
         Lightning Bolt    |       |       |       |     2 ||     2
Ability: Shaft Self        |     2 |       |     3 |     1 ||     6
         Dig               |       |       |     3 |       ||     3
  Evoke: Wand              |       |       |     8 |     7 ||    15
    Use: Scroll            |     1 |       |     8 |     9 ||    18
         Potion            |       |     1 |     4 |    14 ||    19
   Stab: Sleeping          |       |     2 |     7 |       ||     9
         Distracted        |       |     1 |       |       ||     1
         Paralysed         |       |       |    22 |       ||    22
 Armour: Leather armour    |     4 |    21 |    76 |     7 ||   108
         Ring mail         |       |       |       |    48 ||    48
         Skin              |       |       |       |     9 ||     9
  Dodge: Dodged            |    19 |    90 |   242 |   129 ||   480
  Block: Other             |       |       |       |    51 ||    51
         Reflection        |       |       |       |    18 ||    18

Table legend: (Time is in decaauts)
 A = Elapsed time spent in this place.
 B = Non-inter-level travel time spent in this place.
 C = Inter-level travel time spent in this place.
 D = Time resting spent in this place.
 E = Time spent auto-exploring this place.
 F = Levels seen in this place.
 G = Mean time per level.
                   A        B        C        D        E       F      G
               +--------+--------+--------+--------+--------+-----+--------+
         Total |  15866 |  15162 |    704 |   5572 |   4489 |  15 | 1057.7 |
       Dungeon |  15796 |  15103 |    693 |   5572 |   4443 |  14 | 1128.3 |
        Temple |     69 |     58 |     11 |      0 |     46 |   1 |   69.0 |
               +--------+--------+--------+--------+--------+-----+--------+

Top non-repeatable levels by time:
     D:9: 2649 daAuts
     D:7: 1959 daAuts
     D:6: 1685 daAuts
     D:8: 1381 daAuts
     D:4: 1336 daAuts
     D:3: 1298 daAuts
    D:10: 1273 daAuts
     D:5: 1159 daAuts
     D:2: 1057 daAuts
    D:11: 960 daAuts
     D:1: 715 daAuts
    D:13: 142 daAuts
    D:14: 107 daAuts
  Temple: 69 daAuts
    D:12: 69 daAuts
